 Dungeon Crawl Stone Soup version 0.30-a0-166-g5d06c95188 (webtiles) character file.

Game seed: 13767248986146474877

26 Decritt the Magician (level 3, -4/27 HPs)
             Began as a Djinni Fire Elementalist on Sept 29, 2022.
             Slain by a worm (5 damage)
             ... on level 1 of the Dungeon.
             The game lasted 00:03:27 (1968 turns).

Decritt the Magician (Djinni Fire Elementalist)     Turns: 1968, Time: 00:03:28

Health: -4/27      AC:  2    Str:  7    XL:     3   Next: 22%
Gold:   88         EV: 12    Int: 18    God:
                   SH:  0    Dex: 13

rFire   + + .      SeeInvis .    d - staff of poison
rCold   x . .      Faith    .    (no shield)
rNeg    . . .      Spirit   .    a - +0 robe
rPois   ∞          Reflect  .    (no helmet)
rElec   .          Harm     .    (no cloak)
rCorr   .          Rampage  .    (no gloves)
Will    .....                    (boots unavailable)
Stlth   ++........               (no amulet)
HPRegen 0.09/turn                (no ring)
MPRegen 0.00/turn                (no ring)

@: flying, very slightly contaminated
A: sickness immunity, fire resistance 2, cold vulnerability 1, float, innate
caster, HP casting, extra vitality 1
a: no special abilities


You were on level 1 of the Dungeon.
You visited 1 branch of the dungeon, and saw 2 of its levels.

You collected 88 gold pieces.

Inventory:

Missiles
 f - 3 javelins
Armour
 a - a +0 robe (worn)
 i - a +0 leather armour
Magical Staves
 d - a staff of poison (weapon)
Scrolls
 b - a scroll of poison {unknown}
 c - a scroll of noise {unknown}
 e - 2 scrolls of vulnerability {unknown}
 g - 4 scrolls of fear {unknown}
 l - a scroll of enchant armour {unknown}
Potions
 h - a potion of curing {unknown}
 j - a potion of invisibility {unknown}
 k - 3 potions of lignification {unknown}
 m - a potion of heal wounds {unknown}


   Skills:
 * Level 1.4 Fighting
 + Level 0.7 Armour
 + Level 2.6 Dodging
 - Level 1.6 Stealth
 + Level 2.6 Spellcasting


You couldn't memorise any spells.
You knew the following spells:

 Your Spells              Type           Power      Damage    Failure   Level
a - Foxfire               Conj/Fire      44%        2x1d6     6%          1
b - Scorch                Fire           22%        2d6       9%          2
c - Kindle Blastsparks    Fire/Tloc/Air  22%        2d11      17%         3
d - Inner Flame           Hex/Fire       11%        N/A       17%         3
e - Flame Wave            Conj/Fire      11%        2d6       50%         4
f - Necrotise             Necr           44%        1d6       6%          1
Your spell library was empty.

Dungeon Overview and Level Annotations

Branches:
Dungeon (2/15)

Altars:
Elyvilon

Annotations:
D:2 Robin


Innate Abilities, Weirdness & Mutations

You are immune to sickness and miasma.
You are immune to poison.
Your flesh is very heat resistant. (rF++)
You are vulnerable to cold. (rC-)
You float through the air rather than walking.
You learn spells naturally, not from books.
Your magical power is your life essence.
You have superior vitality. (+4 MHP)


Message History

You fly downwards.
Level annotation: Robin The goblin hits you with a +0 club.
The worm closely misses you.
There is a stone staircase leading up here.
The goblin hits you with a +0 club.
You fly upwards.
There is a stone staircase leading down here.
Casting: Scorch (safe; 9% risk of failure)
Confirm with . or Enter, or press ? or * to list all spells.
Flames lash the worm.
The worm is heavily wounded.
The worm's fire resistance burns away.
The goblin closely misses you. The worm barely misses you.
The goblin hits you with a +0 club.
Casting: Scorch (safe; 9% risk of failure)
Confirm with . or Enter, or press ? or * to list all spells.
Flames lash the goblin.
You kill the goblin!
The worm closely misses you. The worm closely misses you.
Casting: Scorch (safe; 9% risk of failure)
Confirm with . or Enter, or press ? or * to list all spells.
Flames lash the worm.
The worm is burned terribly!
The worm is almost dead.
* * * LOW HITPOINT WARNING * * *
The worm bites you!
* * * LOW HITPOINT WARNING * * *
Casting: Scorch (safe; 9% risk of failure)
Confirm with . or Enter, or press ? or * to list all spells.
You miscast Scorch.
You are very lightly contaminated with residual magic.
Nothing appears to happen.
* * * LOW HITPOINT WARNING * * *
You hit the worm.
The worm is almost dead.
The worm closely misses you.
You hit the worm but do no damage.
The worm is severely wounded.
The worm bites you.
You die...

#....###############
'..................#
#..................#########
###................'.......#
#................#######.#
#....[...........# #.#
#................# #.#
##############'###########.######
........)......)@w...............
##############.#.#########.####.#
#.#.# #........#.# #.#.#
#.###.##.#.# ##############.#.#
#.#....#.#.# ..............(#.#
#.#.#..#.#.# #############.##.#
#.#.####.#.# ###.......# #.##.#
#.#......#.#
.##.......###.##.#####.########.#


You could see a worm (combustible).

Vanquished Creatures
  An endoplasm (D:1)
  A giant cockroach (D:2)
  6 goblins
  4 hobgoblins
  A quokka (D:1)
  3 ball pythons
  4 bats
  A kobold (D:1)
  3 rats (D:1)
24 creatures vanquished.

Vanquished Creatures (others)
  23 foxfires
23 creatures vanquished.

Grand Total: 47 creatures vanquished

Notes
Turn   | Place    | Note
-------+----------+-------------------------------------------
     0 | D:1      | Decritt the Djinni Fire Elementalist began the quest for
                  | the Orb.
     0 | D:1      | Decritt set off with the following spells memorised:
                  | Foxfire, Scorch, Kindle Blastsparks, Inner Flame, Flame
                  | Wave.
     0 | D:1      | Reached XP level 1. HP: 15/15 MP: 0/0
   128 | D:1      | Found a faded altar of an unknown god.
   418 | D:1      | Reached XP level 2. HP: 20/22 MP: 0/0
  1234 | D:2      | Reached skill level 1 in Fighting
  1266 | D:2      | Found a white marble altar of Elyvilon.
  1550 | D:2      | Reached XP level 3. HP: 25/27 MP: 0/0
  1550 | D:2      | Learned a level 1 spell: Necrotise
  1551 | D:2      | Noticed Robin
  1968 | D:1      | Slain by a worm

Illustrated notes

Levels and vault maps discovered:
D:1:      minmay_arrival_jagged, layout_basic,
          hellmonk_ecumenical_altar_crossroads
D:2:      layout_rooms, basic_altar, uniq_robin

Skill      XL: |  1  2 |
---------------+-------+-----
Fighting       | 1 |  1.4
Armour         | |  0.7
Dodging        | |  2.6
Stealth        | |  1.6
Spellcasting   | |  2.6

Action                   || total
-------------------------++-------
Melee: Staff             ||     7
 Cast: Foxfire           ||    15
       Scorch            ||    18
Armor: Robe              ||     3
Dodge: Dodged            ||    34

Table legend: (Time is in decaauts)
 A = Elapsed time spent in this place.
 B = Non-inter-level travel time spent in this place.
 C = Inter-level travel time spent in this place.
 D = Time resting spent in this place.
 E = Time spent auto-exploring this place.
 F = Levels seen in this place.
 G = Mean time per level.
                   A        B        C        D        E       F      G
               +--------+--------+--------+--------+--------+-----+--------+
         Total |   1970 |   1823 |    147 |    427 |   1166 |   2 |  985.0 |
       Dungeon |   1970 |   1823 |    147 |    427 |   1166 |   2 |  985.0 |
               +--------+--------+--------+--------+--------+-----+--------+

Top non-repeatable levels by time:
     D:1: 1621 daAuts
     D:2: 348 daAuts
